 Dungeon Crawl Stone Soup version 0.21-a0-404-g291f19a (webtiles) character file.

54 Hasart the Digger (level 3, 0/19 HPs)
             Began as a Deep Elf Earth Elementalist on Oct 30, 2017.
             Slain by Rosaphim's ghost (12 damage)
             ... on level 3 of the Dungeon.
             The game lasted 00:04:14 (2740 turns).

Hasart the Digger (Deep Elf Earth Elementalist)     Turns: 2740, Time: 00:04:14

Health: 0/19       AC:  3    Str:  5    XL:     3   Next: 66%
Magic:  2/10       EV: 13    Int: 20    God:
Gold:   90         SH:  0    Dex: 15    Spells: 6/10 levels left

rFire    . . .     SeeInvis +   a - +2 whip (venom)
rCold    . . .     Gourm    .   (no shield)
rNeg     . . .     Faith    .   c - +0 robe
rPois    .         Spirit   .   g - +0 helmet
rElec    .         Reflect  .   (no cloak)
rCorr    .         Harm     .   (no gloves)
MR       .....                  (no boots)
Stlth    ++........             (no amulet)
HPRegen  0.06/turn              j - ring of see invisible
MPRegen  0.12/turn              (no ring)

@: no status effects
A: no striking features
a: no special abilities


You were on level 3 of the Dungeon.
You were not hungry.

You visited 1 branch of the dungeon, and saw 3 of its levels.

You collected 90 gold pieces.

Inventory:

Hand Weapons
 a - a +2 whip of venom (weapon)
Missiles
 b - 98 stones (quivered)
Armour
 c - a +0 robe (worn)
 g - a +0 helmet (worn)
Jewellery
 j - a ring of see invisible (left hand)
 l - an uncursed ring of poison resistance {unknown}
Scrolls
 f - a scroll of teleportation {unknown}
 n - a scroll of amnesia {unknown}
 o - a scroll of enchant weapon {unknown}
 r - a scroll of magic mapping {unknown}
 s - 2 scrolls of identify {unknown}
 t - a scroll of enchant armour {unknown}
 u - 2 scrolls of remove curse {unknown}
Potions
 h - a potion of haste {unknown}
 i - a potion of resistance {unknown}
 k - 5 potions of curing {unknown}
Books
 e - a book of Geomancy

   Spells                             Type                      Level
   a - Sandblast                      Earth                        1
   b - Passwall                       Transmutation/Earth          2
   c - Stone Arrow                    Conjuration/Earth            3
   d - Petrify                        Transmutation/Earth          4
   e - Lee's Rapid Deconstruction     Earth                        5
Comestibles
 d - 3 bread rations
 m - 2 meat rations
 p - a chunk of flesh
 q - 7 fruits


   Skills:
 - Level 2.4 Dodging
 - Level 2.4 Stealth
 + Level 4.0 Spellcasting
   Level 1.1 Transmutations
 * Level 4.6 Earth Magic


You had 6 spell levels left.
You knew the following spells:

 Your Spells              Type           Power        Failure   Level  Hunger
a - Sandblast             Erth           ###...       1%          1    None
b - Stone Arrow           Conj/Erth      ##....       14%         3    ###....


Dungeon Overview and Level Annotations

Branches:
Dungeon (3/15)

Altars:
Fedhas
Okawaru

Annotations:
D:3 Rosaphim's ghost, novice GnAK


Message History

Casting: Sandblast
Confirm with . or Enter, or press ? or * to list all spells.
Aiming: Sandblast
Press: ? - help, Shift-Dir - straight line, f/p - Rosaphim's ghost
Aim: Rosaphim's ghost (severely damaged)
The blast of sand hits Rosaphim's ghost.
Rosaphim's ghost is severely damaged.
b - 99 stones The kobold closely misses you.
Rosaphim's ghost barely misses you.
Casting: Sandblast
Confirm with . or Enter, or press ? or * to list all spells.
Aiming: Sandblast
Press: ? - help, Shift-Dir - straight line, f/p - Rosaphim's ghost
Aim: Rosaphim's ghost (severely damaged)
The blast of sand hits Rosaphim's ghost.
Rosaphim's ghost is severely damaged.
b - 98 stones The kobold closely misses you.
Rosaphim's ghost hits you!
Ouch! That really hurt!
You die...

##.##...###.# >. .. ..#
# ##.###.## #.# #.. ...
..# ##.# #.# ##.####.#
##. ### ##(# #.#
#.....#.# #. ##.# #.#
#..##.#.# ##.# #.#
#..##.#.#
##.###.###..##(#.#
...............(.######.
............##(<@W......
.#.#######..###..K......
.#.# #..# #.########
.#.# ...# #.# .#.# #..#
#.# .#.# #..# #.# .#.#
..# #.# .#.# .. #.#


You could see Rosaphim's ghost and a kobold.

Vanquished Creatures
  An adder (D:2)
  A worm (D:2)
  A dart slug (D:1)
  A leopard gecko (D:2)
  3 giant cockroaches
  6 goblins
  5 hobgoblins
  2 jackals (D:2)
  2 ball pythons
  6 bats
  2 frilled lizards (D:1)
  5 kobolds
  3 rats (D:1)
38 creatures vanquished.

Notes
Turn   | Place    | Note
-------+----------+-------------------------------------------
     0 | D:1      | Hasart the Deep Elf Earth Elementalist began the quest for the Orb.
     0 | D:1      | Reached XP level 1. HP: 10/10 MP: 6/6
   712 | D:1      | Reached XP level 2. HP: 11/15 MP: 5/8
  1583 | D:2      | Reached XP level 3. HP: 14/19 MP: 6/10
  1914 | D:2      | Learned a level 3 spell: Stone Arrow
  2289 | D:2      | Found an iron altar of Okawaru.
  2433 | D:2      | Found a blossoming altar of Fedhas.
  2565 | D:3      | Noticed Rosaphim's ghost (novice GnAK)
  2740 | D:3      | Slain by Rosaphim's ghost

Vault maps used:
D:1:      elethiomel_arrival_infinity_welcomes_careful_drivers
D:2:      lemuel_crystal_altar, okawaru_trees_1
D:3:      st_stairs_11

Skill      XL: |  1  2  3 |
---------------+----------+-----
Earth Magic    | 4 |  4.6
Spellcasting   | 4 |  4.0
Dodging        | |  2.4
Stealth        | |  2.4
Transmutations | |  1.1

Action                   || total
-------------------------++-------
Melee: Whip              ||    90
 Cast: Sandblast         ||    16
       Stone Arrow       ||     1
 Stab: Sleeping          ||     6
  Eat: Chunk             ||     6
Armor: Robe              ||    27
Dodge: Dodged            ||    66

Table legend:
 A = Spawn XP
 B = Non-spawn XP
 C = Spawn XP percentage of total XP
 D = Spawn monster count
 E = Non-spawn monster count
 F = Spawn count percentage of total count
 G = Total turns spent on level
                    A         B        C        D         E        F      G
               +---------+---------+-------+---------+---------+-------+---------
         Total |       0 |      78 |   0.0 |       0 |      38 |   0.0 |  2740
               +---------+---------+-------+---------+---------+-------+---------
           D:1 |       0 |      33 |   0.0 |       0 |      22 |   0.0 |  1569
           D:2 |       0 |      43 |   0.0 |       0 |      15 |   0.0 |  1109
           D:3 |       0 |       2 |   0.0 |       0 |       1 |   0.0 |    62
               +---------+---------+-------+---------+---------+-------+---------
